AoeStats
← il caldo fa schifo

African Clearing

510346551Analyzed
4v4 RM · 2d ago on Sep 30, 2026· 46m 16s· 8 players
Game mode
Random Map
Map size
Large (8 player)
Population
200
Speed
Normal
Resources
Standard
Victory
Conquest
Starting age
Dark Age
Ending age
Imperial Age
RankedLock teamsTeams togetherTeam positionsShared explorationLock speedFull tech treeHidden civsTurbo modeCheats
Victory
Defeat
🇨🇳 Vikings · China
1244
+15
🇨🇭 Persians · Switzerland
1228
+16
🇨🇳 Koreans · China
1216
+16
🇫🇷 Burgundians · France
1192
+18
🇨🇦 Chinese · Canada
1242
-17
🇺🇸 Britons · United States
1224
-16
🇲🇽 Japanese · Mexico
1219
-16
🇩🇪 Huns · Germany
1208
-16
Alexiỗs
6:27 Double-Bit Axe
10:05 Loom
12:32 Feudal Age
12:39 Horse Collar
13:47 Bow Saw
20:10 Heavy Plow
24:10 Castle Age
22:44 Scale Barding Armor
23:28 Fletching
26:38 Two-Man Saw
25:59 Forging
26:01 Husbandry
32:24 Forging
34:39 Chain Barding Armor
34:43 Gold Mining
35:24 Town Watch
36:23 Wheelbarrow
38:57 Stone Mining
39:24 Hand Cart
41:13 Two-Man Saw
41:06 Stone Shaft Mining
41:30 Iron Casting
42:17 Town Patrol
46:45 Imperial Age
45:16 Gold Shaft Mining
46:26 Burgundian Vineyards
il caldo fa schifo
8:20 Loom
17:54 Feudal Age
18:32 Town Watch
23:37 Castle Age
21:50 Double-Bit Axe
21:47 Horse Collar
24:57 Wheelbarrow
27:53 Scale Barding Armor
27:58 Forging
29:57 Hand Cart
30:29 Forging
31:22 Husbandry
34:01 Bloodlines
35:36 Fletching
36:07 Chain Barding Armor
36:22 Iron Casting
40:06 Imperial Age
40:29 Cavalier
46:04 Conscription
小尚
5:41 Loom
14:21 Feudal Age
15:28 Double-Bit Axe
18:28 Horse Collar
21:11 Castle Age
21:09 Fletching
21:17 Stone Mining
23:00 Wheelbarrow
22:45 Crossbowman
24:38 Bow Saw
25:19 Thumb Ring
30:45 Gold Mining
33:00 Bodkin Arrow
34:19 Ballistics
39:32 Imperial Age
37:20 Hand Cart
39:46 Stone Shaft Mining
39:15 Heavy Plow
39:55 Gold Shaft Mining
39:49 Murder Holes
40:05 Masonry
40:45 Conscription
41:28 Elite War Wagon
43:53 Chemistry
43:04 Bracer
有个小草
5:34 Loom
14:17 Feudal Age
15:23 Man-at-Arms
20:02 Castle Age
19:23 Fletching
19:37 Padded Archer Armor
22:11 Stone Mining
22:20 Pikeman
22:53 Crossbowman
23:57 Elite Skirmisher
28:42 Scale Mail Armor
39:58 Double-Bit Axe
45:07 Imperial Age
43:37 Horse Collar
44:56 Bow Saw
45:23 Heavy Plow
46:05 Capped Ram
TheRev9426
10:59 Loom
17:23 Feudal Age
18:32 Double-Bit Axe
26:46 Castle Age
27:46 Bow Saw
31:12 Wheelbarrow
30:33 Fishing Lines
33:55 Hand Cart
34:21 Gold Mining
34:23 Stone Mining
34:48 Gillnets
35:38 Fletching
35:38 Town Watch
37:38 Padded Archer Armor
37:37 Bodkin Arrow
37:48 Elite Skirmisher
38:17 Treadmill Crane
39:00 Ballistics
38:21 Treadmill Crane
38:50 Padded Archer Armor
39:38 Forging
40:31 Leather Archer Armor
40:44 Pikeman
41:26 Scale Mail Armor
41:18 Horse Collar
42:40 Thumb Ring
43:48 Iron Casting
43:28 Chain Mail Armor
43:47 Squires
44:45 Chain Mail Armor
47:19 Imperial Age
a7xbast
3:31 Loom
13:28 Feudal Age
19:21 Castle Age
32:40 Wheelbarrow
33:06 Double-Bit Axe
34:58 Fletching
35:09 Padded Archer Armor
40:57 Scale Mail Armor
41:08 Forging
40:54 Bodkin Arrow
41:15 Leather Archer Armor
43:09 Iron Casting
42:50 Chain Mail Armor
43:16 Pikeman
44:23 Hand Cart
46:17 Squires
wayan
6:19 Loom
15:06 Feudal Age
19:29 Castle Age
18:13 Scale Barding Armor
18:21 Bloodlines
19:33 Forging
20:16 Husbandry
20:05 Horse Collar
24:56 Fletching
26:33 Bodkin Arrow
30:13 Wheelbarrow
30:15 Pikeman
35:22 Squires
35:31 Squires
36:18 Scale Mail Armor
36:54 Iron Casting
39:51 Heavy Plow
41:20 Double-Bit Axe
43:53 Marauders
Kryptonknight
13:51 Feudal Age
17:27 Castle Age
18:02 Loom
18:43 Fletching
23:09 Bodkin Arrow
25:12 Wheelbarrow
28:01 Double-Bit Axe
28:29 Padded Archer Armor
30:47 Horse Collar
33:44 Ballistics
34:13 Leather Archer Armor
38:49 Heavy Plow
38:41 Gold Mining
38:42 Stone Mining
40:52 Gold Shaft Mining
40:34 Fortified Wall
40:46 Hand Cart
40:49 Town Watch
44:27 Imperial Age
42:10 Bow Saw
44:07 Masonry
43:54 Murder Holes
44:57 Elite Longbowman
45:51 Bracer
46:52 Chemistry
Connection lost

Rejoining the realm…

Still unreachable

The connection could not be restored.

Session expired

The server has moved on; the page needs a fresh start.